 Dungeon Crawl Stone Soup version 0.29.1-1-gd02db6906a (webtiles) character file.

Game seed: 16203245229176663521

266 Doomgape the Ruffian (level 6, 0/34 HPs)
             Began as a Gargoyle Transmuter on Sept 17, 2022.
             Slain by an iguana (10 damage)
             ... on level 4 of the Dungeon.
             The game lasted 00:08:42 (3271 turns).

Doomgape the Ruffian (Gargoyle Transmuter)          Turns: 3271, Time: 00:08:42

Health: 0/34       AC:  6    Str: 16    XL:     6   Next: 20%
Magic:  9/10       EV: 15    Int: 13    God:
Gold:   864        SH:  0    Dex: 10    Spells: 10/11 levels left

rFire   . . .      SeeInvis .     - Unarmed
rCold   . . .      Faith    .   (no shield)
rNeg    + . .      Spirit   .   a - +0 robe
rPois   ∞          Reflect  .   (helmet currently unavailable)
rElec   +          Harm     .   (no cloak)
rCorr   .          Rampage  .   (no gloves)
Will    +....                   (boots currently unavailable)
Stlth   +.........              (no amulet)
HPRegen 0.11/turn               h - +4 ring of evasion
MPRegen 0.12/turn               k - ring of willpower

@: appendages
A: horns 2, talons 2, sickness immunity, AC +4, negative energy resistance 1,
electricity resistance, torment resistance 1, petrification resistance
a: End Transformation


You were on level 4 of the Dungeon.
You had temporarily grown beastly horns and talons.
You visited 1 branch of the dungeon, and saw 4 of its levels.

You collected 864 gold pieces.

Inventory:

Missiles
 d - 5 javelins
Armour
 a - a +0 robe (worn)
Jewellery
 h - a +4 ring of evasion (left hand)
 k - a ring of willpower (right hand)
Scrolls
 e - a scroll of identify
 f - a scroll of summoning {unknown}
Potions
 b - 2 potions of lignification
 c - a potion of might {unknown}
 g - 2 potions of flight
 i - a potion of magic {unknown}
 l - 2 potions of curing {unknown}
 q - a potion of haste {unknown}


   Skills:
 - Level 1.1 Fighting
 - Level 1.5 Dodging
 - Level 5.4 Unarmed Combat
 + Level 3.1 Spellcasting
 + Level 2.7 Transmutations


You had 10 spell levels left.
You knew the following spells:

 Your Spells              Type           Power      Damage    Failure   Level
a - Beastly Appendage     Tmut           18%        N/A       8%          1

Your spell library contained the following spells:

 Spells                   Type           Power      Damage    Failure   Level
 Wereblood                Tmut           9%         N/A       11%         2
 Foxfire                  Conj/Fire      8%         2x1d4     22%         1
 Blink                    Tloc           4%         N/A       34%         2
 Spider Form              Tmut/Pois      5%         N/A       36%         3
 Ignite Poison            Fire/Tmut/Pois 4%         N/A       43%         3
 Conjure Flame            Conj/Fire      2%         6-21      56%         3
 Inner Flame              Hex/Fire       2%         N/A       56%         3
 Lesser Beckoning         Tloc           2%         N/A       56%         3
 Ice Form                 Ice/Tmut       5%         N/A       78%         4
 Flame Wave               Conj/Fire      2%         2d4       92%         4
 Sticky Flame             Conj/Fire      2%         2d3       92%         4
 Manifold Assault         Tloc           2%         N/A       99%         5


Dungeon Overview and Level Annotations

Branches:
Dungeon (4/15)
 Temple: D:4-7

Altars:
Sif Muna


Innate Abilities, Weirdness & Mutations

You have temporarily grown beastly horns and talons.
You are immune to sickness and miasma.
Your stone body is resilient. (AC +4)
You are immune to poison.
You resist negative energy. (rN+)
You are resistant to electric shocks. (rElec)
You are resistant to unholy torment.
You are immune to petrification.


Message History

The phantom misses you.
You hit the phantom.
You destroy the phantom!
Your Spellcasting skill increases to level 3!
You have reached level 6!
You start resting.
Your transformation is almost over.
Magic restored.
You start resting.
Your horns disappear.
Your talons disappear.
A jackal comes into view.
Casting: Beastly Appendage (safe; 8% risk of failure)
Confirm with . or Enter, or press ? or * to list all spells.
You grow a pair of large bovine horns.
Your feet morph into talons.
The jackal misses you.
You hit the jackal.
You kill the jackal!
Your transformation is almost over.
You pick up a book of Flames and begin reading...
You add the spells Foxfire, Inner Flame and Flame Wave to your library.
You start resting.
An iguana comes into view.
Found a robe.
Found 7 stones.
Your horns disappear.
Your talons disappear.
Casting: Beastly Appendage (safe; 8% risk of failure)
Confirm with . or Enter, or press ? or * to list all spells.
You grow a pair of large bovine horns.
Your feet morph into talons.
The iguana bites you!
* * * LOW HITPOINT WARNING * * *
You hit the iguana.
You headbutt the iguana, but do no damage.
The iguana is lightly wounded.
The iguana misses you.
You hit the iguana but do no damage. You claw the iguana!
The iguana is severely wounded.
You hit the iguana but do no damage. Your kick misses the iguana.
The iguana is severely wounded.
The iguana bites you!
You die...

###############################
............................>.#
##############..........#####.#
#.########.# #.### #.#
#....#.#####.#.. #.#
#.##.#†#.†.#.#.# #.#
#.##.#.#.#.#.#.#
#.###.##.#.#.#.#....
#.#@..##...#.#.###.#
##.#.#l#......#........
.............>.###.###.#
.##.#...#..........###.#
#...#......#.......#
.....#...........#..#
#..#...#.#.........#..#
..(....#.#........<...#
##.##..#.(...##....#.##


You could see an iguana.

Vanquished Creatures
  A phantom (D:4)
  A hound (D:3)
  Jessica (D:2)
  6 adders
  2 worms
  3 dart slugs
  6 orcs (D:3)
  6 bats
  7 endoplasms
  3 giant cockroaches
  5 goblins
  6 hobgoblins
  2 jackals (D:4)
  2 quokkas
  5 ball pythons
  3 frilled lizards
  3 kobolds
  7 rats
69 creatures vanquished.

Notes
Turn   | Place    | Note
-------+----------+-------------------------------------------
     0 | D:1      | Doomgape the Gargoyle Transmuter began the quest for the
                  | Orb.
     0 | D:1      | Reached XP level 1. HP: 12/12 MP: 3/3
    49 | D:1      | Found a faded altar of an unknown god.
   244 | D:1      | Reached XP level 2. HP: 16/16 MP: 3/5
   858 | D:1      | Reached skill level 4 in Unarmed Combat
  1014 | D:2      | Reached XP level 3. HP: 14/20 MP: 4/6
  1409 | D:2      | Noticed Jessica
  1417 | D:2      | Killed Jessica
  1418 | D:2      | Reached skill level 5 in Unarmed Combat
  1418 | D:2      | Reached XP level 4. HP: 21/25 MP: 5/7
  2126 | D:3      | Reached XP level 5. HP: 27/29 MP: 6/8
  2521 | D:3      | Found a shimmering blue altar of Sif Muna.
  2685 | D:3      | Identified a scroll of acquirement
  2685 | D:3      | Acquired 675 gold pieces
  3195 | D:4      | Noticed a phantom
  3222 | D:4      | Killed a phantom
  3223 | D:4      | Reached XP level 6. HP: 16/34 MP: 8/10
  3271 | D:4      | Slain by an iguana

Illustrated notes

Levels and vault maps discovered:
D:1:      dpeg_arrival_pits, layout_rooms, hellmonk_ecumenical_altar_zigzags,
          nicolae_eternal_life, roderic_roman_lattice, minmay_fountain_box
D:2:      layout_basic, moated_statue, uniq_jessica
D:3:      layout_rooms, kennysheep_orc_sif_temple, amcnicky_mini_pool_small,
          chequers_avenue
D:4:      layout_basic, kennysheep_mini_moat, gammafunk_ghost_grave

Skill      XL: |  1  2  3  4  5 |
---------------+----------------+-----
Unarmed Combat | 4 5 |  5.4
Transmutations | 2 |  2.7
Spellcasting   | 3 |  3.1
Fighting       | |  1.1
Dodging        | |  1.5

Action                   |  1- 3 |  4- 6 || total
-------------------------+-------+-------++-------
Melee: Unarmed           |    80 |   131 ||   211
       Kick              |    15 |    27 ||    42
       Headbutt          |     7 |    18 ||    25
       Punch             |     1 |     1 ||     2
 Cast: Beastly Appendage |    22 |    26 ||    48
  Use: Scroll            |       |     8 ||     8
Armor: Robe              |    18 |    23 ||    41
Dodge: Dodged            |    73 |    94 ||   167
